Map: Ulrena

Players

gazz

  • Race: Zerg Zerg
  • League: Silver
  • Spawn Location: 7:00

zidar - Winner!

  • Race: Zerg Zerg
  • League: Gold
  • Spawn Location: 11:00

VOD

Have the link to the VOD?

Description

Time

  • Played on: June 16, 2016, 2:24 p.m.
  • Length: 2:59
Show
View Real Time Build Order
Export as new Build Order

gazz Zerg 

Build Orders: Pool First 

Get SALT Encoding   

  12  0:00  Drone  
  13  0:12  Overlord  
  13  0:17  Drone  
  14  0:24  Extractor, Drone  
  15  0:30  Drone  
  16  0:39  Extractor, Drone  
  16  0:45  Drone  
  17  0:52  Spawning Pool  
  17  0:56  Drone  
  17  1:22  Hatchery  
  17  1:24  Drone  
  17  1:28  Drone  
  18  1:44  Zergling x4  
  20  2:01  Overlord  
  20  2:02  Zergling x2  
  21  2:29  Zergling x2  
  22  2:38  Spine Crawler  
  22  2:41  Zergling x4  
Show
View Real Time Build Order
Export as new Build Order

zidar Zerg - Winner!

Build Orders: Pool Only 

Get SALT Encoding   

  12  0:18  Spawning Pool  
  11  0:23  Drone  
  11  0:27  Extractor  
  11  0:29  Drone  
  12  0:40  Overlord  
  12  0:51  Drone  
  12  0:56  Drone  
  14  1:08  Zergling x2  
  15  1:12  Queen  
  15  1:17  Zergling x2  
  18  1:22  Zergling x2  
  19  1:31  Metabolic Boost  
  19  1:39  Zergling x2  
  20  1:42  Zergling x2  
  21  1:49  Zergling x2  
  22  2:00  Overlord  
  22  2:24  Zergling x8  
Tags
 
Matchup
ZvZ
Race
Zerg
Spawn Locations
Close Positions
Add a new tag
Caveats
  • Supply blocks, unpowered buildings, or Contaminate may cause inaccurate times.
  • Supply counts are checked every 10 seconds.